 Dungeon Crawl Stone Soup version 0.31.0-9-g3a7656b989 (webtiles) character file.

Game seed: 16269799893839056093

683 qw the Skirmisher (level 7, -5/40 HPs)
             Began as a Deep Elf Hunter on Feb 2, 2024.
             Was a Follower of Okawaru.
             Slain by an iguana (11 damage)
             ... on level 5 of the Dungeon.
             The game lasted 00:00:18 (3993 turns).

qw the Skirmisher (Deep Elf Hunter)                 Turns: 3993, Time: 00:00:19

Health: -5/40      AC:  6    Str: 10    XL:     7   Next: 35%
Magic:  10/10      EV: 11    Int: 14    God:    Okawaru [*.....]
Gold:   177        SH:  0    Dex: 18    Spells: 6/6 levels left

rFire   . . .        a - +0 shortbow
rCold   . . .        (shield currently unavailable)
rNeg    . . .        j - +1 ring mail
rPois   .            (no helmet)
rElec   .            (no cloak)
rCorr   .            (no gloves)
SInv    .            (no boots)
Will    .....        d - amulet of faith
Stlth   +            (no ring)
HPRegen 0.26/turn    (no ring)
MPRegen 0.12/turn

%: faith
@: about to teleport
A: no striking features
a: Renounce Religion, Heroism


You were on level 5 of the Dungeon.
You worshipped Okawaru.
Okawaru was aware of your devotion.
You visited 1 branch of the dungeon, and saw 5 of its levels.

You collected 249 gold pieces.
You spent 72 gold pieces at shops.


   Skills:
 - Level 2.1 Fighting
 + Level 10.9 Ranged Weapons
 - Level 3.0 Dodging
 - Level 1.2 Stealth
 + Level 2.3 Invocations


You had 6 spell levels left.
You didn't know any spells.
Your spell library was empty.

Inventory:

Hand Weapons
 a - a +0 shortbow (weapon)
Armour
 j - a +1 ring mail (worn)
Jewellery
 b - a ring of poison resistance
 d - an amulet of faith (around neck)
Wands
 c - a wand of acid (4)
 l - a wand of digging (3)
Scrolls
 f - a scroll of amnesia {unknown}
Potions
 e - 3 potions of curing
 g - a potion of might {unknown}
 i - a potion of heal wounds
 k - a potion of cancellation {unknown}

Dungeon Overview and Level Annotations

Branches:
Dungeon (5/15)             Temple (0/1) D:4

Altars:
Ashenzari
Elyvilon
Gozag
Hepliaklqana
Okawaru
Xom

Shops:
D:4 (

Annotations:
D:3 1 runed translucent door


Message History

Found a whip.
You see here a scorpion corpse.
k - a blue potion
Found a stone staircase leading up.
Enter note:
Enter note: You see here a +0 whip.
Found a dire flail.
l - a wand of digging (3)
Enter note:
Found a stone staircase leading down.
Enter note:
Enter note:
Found a stone staircase leading down.
You see here a +1 short sword of draining.
You now have 177 gold pieces (gained 11).
An iguana comes into view.
The iguana hisses angrily.
You shoot an arrow. The arrow barely misses the iguana.
You shoot an arrow. The arrow closely misses the iguana.
You shoot an arrow.
The arrow hits the iguana but does no damage.
You shoot an arrow. The arrow hits the iguana.
The iguana is lightly wounded.
The iguana bites you.
You shoot an arrow.
The arrow hits the iguana but does no damage.
The iguana is lightly wounded.
The iguana bites you!
You shoot an arrow. The arrow hits the iguana.
The iguana is moderately wounded.
The iguana bites you!
You shoot an arrow. The arrow hits the iguana.
The iguana is moderately wounded.
The iguana bites you!
3993 ||| READING scroll of teleportation.
As you read the scroll of teleportation, it crumbles to dust.
You feel strangely unstable. The iguana bites you!
You die...

.. .....#..#..## ## ..
.....#.##...####
##.###.......##......#
.......#........###..
#...# ####...#.....#
#...#######..##....# .
#...#........###....
....#.......#.#...#.....
..?...l@..#####..##.....
...........#####..##....
...........#.###.###....
.................#.#.)..
......>.................
...........)......#.....
..................#.....
..#.....##........#.....
.#....................#


You could see an iguana.

Vanquished Creatures
  A phantom (D:5)
  2 scorpions
  2 jellies
  2 bombardier beetles
  3 hounds (D:4)
  2 iguanas (D:5)
  2 orc wizards (D:5)
  4 adders
  2 ribbon worms (D:2)
  5 dart slugs
  11 orcs
  6 ball pythons
  5 bats
  5 endoplasms
  2 giant cockroaches
  14 hobgoblins
  18 jackals
  3 quokkas
  9 frilled lizards
  7 goblins
  5 kobolds
  10 rats
120 creatures vanquished.

Notes
Turn   | Place    | Note
-------+----------+-------------------------------------------
     0 | D:1      | qw the Deep Elf Hunter began the quest for the Orb.
     0 | D:1      | Reached XP level 1. HP: 12/12 MP: 3/3
     0 | D:1      | 0 ||| qw: Version: 0.3-a-155-g5e7d8dd
     0 | D:1      | 0 ||| qw: Game counter: 1069
     0 | D:1      | 0 ||| qw: Melee chars always use a shield: true
     0 | D:1      | 0 ||| qw: God list: Okawaru
     0 | D:1      | 0 ||| qw: Allow faded altars: false
     0 | D:1      | 0 ||| qw: Do Orc after clearing Dungeon:15 true
     0 | D:1      | 0 ||| qw: Do second Lair branch before Depths: true
     0 | D:1      | 0 ||| qw: Lair rune preference: random
     0 | D:1      | 0 ||| qw: Goals: Normal
     0 | D:1      | 0 ||| PLANNING D:1-11
    18 | D:1      | Found a faded altar of an unknown god.
   167 | D:1      | Reached XP level 2. HP: 16/16 MP: 4/4
   169 | D:1      | Reached skill level 6 in Ranged Weapons
   359 | D:1      | Reached XP level 3. HP: 20/20 MP: 5/5
   644 | D:1      | 644 ||| UPGRADING to +0 scale mail.
   654 | D:1      | 654 ||| DROPPING +0 leather armour.
   655 | D:1      | 655 ||| READING 2 scrolls labelled ESYCVE NUREMO.
   656 | D:1      | 656 ||| READING 2 scrolls labelled BUDAAP ZEUGU.
   656 | D:1      | 656 ||| IDENTIFYING green potion
   657 | D:1      | 657 ||| READING scroll of identify.
   657 | D:1      | 657 ||| IDENTIFYING fuming orange potion
   658 | D:1      | 658 ||| DRINKING 4 metallic yellow potions.
   659 | D:1      | 659 ||| DROPPING scroll of butterflies.
   660 | D:1      | 660 ||| DROPPING potion of magic.
   661 | D:1      | 661 ||| DROPPING scroll of poison.
   663 | D:1      | 663 ||| Stepping ~*~*~tactically~*~*~ (cloud).
   665 | D:1      | HP: 5/20 [poisoned by you (poison gas)]
   669 | D:1      | HP: 2/20 [poisoned by you (poison gas)]
   789 | D:2      | Reached skill level 7 in Ranged Weapons
  1061 | D:2      | Reached XP level 4. HP: 25/25 MP: 6/6
  1414 | D:2      | 1414 ||| READING 2 scrolls of identify.
  1414 | D:2      | 1414 ||| IDENTIFYING grey potion
  1415 | D:2      | 1415 ||| READING scroll of identify.
  1415 | D:2      | 1415 ||| IDENTIFYING scroll labelled VELUOP NACIPO
  1416 | D:2      | 1416 ||| READING scroll labelled ZABBIOZETO.
  1461 | D:2      | 1461 ||| READING scroll labelled OPUNKU RODAMI.
  1462 | D:2      | 1462 ||| DROPPING potion of lignification.
  1463 | D:2      | 1463 ||| DROPPING scroll of revelation.
  1528 | D:3      | 1528 ||| STAIRDANCE
  1700 | D:3      | Found a shimmering altar of Xom.
  1701 | D:3      | Found a hazy altar of Hepliaklqana.
  1701 | D:3      | Noticed a will-o-the-wisp
  1702 | D:3      | Noticed a spectral ugly thing
  1702 | D:3      | Noticed a will-o-the-wisp
  1702 | D:3      | Noticed a will-o-the-wisp
  1739 | D:3      | Reached skill level 8 in Ranged Weapons
  1929 | D:3      | Reached XP level 5. HP: 29/29 MP: 7/7
  2034 | D:3      | Found an iron altar of Okawaru.
  2035 | D:3      | 2035 ||| PLANNING OKAWARU WORSHIP
  2035 | D:3      | 2035 ||| DROPPING scarf of invisibility.
  2036 | D:3      | 2036 ||| UPGRADING to +0 ring mail.
  2046 | D:3      | 2046 ||| DROPPING +0 scale mail.
  2047 | D:3      | 2047 ||| READING scroll of identify.
  2047 | D:3      | 2047 ||| IDENTIFYING fizzy orange potion
  2048 | D:3      | 2048 ||| READING scroll labelled LITZAIKHLIT.
  2048 | D:3      | 2048 ||| ENCHANTING +0 ring mail.
  2049 | D:3      | 2049 ||| READING 2 scrolls labelled VEW HAHITOLLO.
  2053 | D:3      | 2053 ||| READING scroll labelled DADOOCKIXU.
  2054 | D:3      | 2054 ||| DROPPING potion of ambrosia.
  2082 | D:3      | Found a runed translucent door.
  2084 | D:3      | Noticed an ogre
  2086 | D:3      | Noticed an ogre
  2086 | D:3      | Found the +0 toga "Victory" {*Victory Clar}
  2086 | D:3      | Noticed an ogre
  2088 | D:3      | Became a worshipper of Warmaster Okawaru
  2089 | D:3      | 2089 ||| PLANNING D:1-11
  2272 | D:3      | 2272 ||| READING scroll labelled POTORGH SAGIMUNG.
  2410 | D:4      | Found an opulent altar of Gozag.
  2537 | D:4      | Reached skill level 9 in Ranged Weapons
  2695 | D:4      | Found Tivvaig's Antique Weapon Shoppe.
  2704 | D:4      | 2704 ||| BUYING runed sling (72 gold).
  2704 | D:4      | Bought a runed sling for 72 gold pieces
  2704 | D:4      | 2704 ||| DROPPING +0 sling of draining.
  2830 | D:4      | Found a broken altar of Ashenzari.
  2892 | D:4      | Found a staircase to the Ecumenical Temple.
  3014 | D:4      | Reached XP level 6. HP: 35/35 MP: 8/8
  3200 | D:4      | Found a white marble altar of Elyvilon.
  3297 | D:4      | 3297 ||| UPGRADING to amulet of faith.
  3302 | D:4      | 3302 ||| DROPPING +6 ring of intelligence.
  3303 | D:4      | 3303 ||| READING scroll labelled BEFRUE BIMPUX.
  3304 | D:4      | 3304 ||| DRINKING 2 murky inky potions.
  3305 | D:4      | 3305 ||| FLEEEEING.
  3306 | D:4      | 3306 ||| FLEEEEING.
  3307 | D:4      | 3307 ||| FLEEEEING.
  3308 | D:4      | 3308 ||| FLEEEEING.
  3309 | D:4      | 3309 ||| FLEEEEING.
  3310 | D:4      | 3310 ||| FLEEEEING.
  3311 | D:4      | 3311 ||| FLEEEEING.
  3312 | D:4      | 3312 ||| FLEEEEING.
  3313 | D:4      | 3313 ||| FLEEEEING.
  3314 | D:4      | 3314 ||| FLEEEEING.
  3315 | D:4      | 3315 ||| FLEEEEING.
  3316 | D:4      | 3316 ||| FLEEEEING.
  3317 | D:4      | 3317 ||| FLEEEEING.
  3318 | D:4      | 3318 ||| FLEEEEING.
  3319 | D:4      | 3319 ||| FLEEEEING.
  3320 | D:4      | 3320 ||| FLEEEEING.
  3321 | D:4      | 3321 ||| FLEEEEING.
  3322 | D:4      | 3322 ||| FLEEEEING.
  3323 | D:4      | 3323 ||| FLEEEEING.
  3324 | D:4      | 3324 ||| FLEEEEING.
  3325 | D:4      | 3325 ||| FLEEEEING.
  3326 | D:4      | 3326 ||| FLEEEEING.
  3327 | D:4      | 3327 ||| FLEEEEING.
  3328 | D:4      | 3328 ||| FLEEEEING.
  3329 | D:4      | 3329 ||| FLEEEEING.
  3330 | D:4      | 3330 ||| FLEEEEING.
  3331 | D:4      | 3331 ||| FLEEEEING.
  3332 | D:4      | 3332 ||| FLEEEEING.
  3333 | D:4      | 3333 ||| FLEEEEING.
  3334 | D:4      | 3334 ||| FLEEEEING.
  3335 | D:4      | 3335 ||| FLEEEEING.
  3336 | D:4      | 3336 ||| FLEEEEING.
  3337 | D:4      | 3337 ||| FLEEEEING.
  3338 | D:4      | 3338 ||| FLEEEEING.
  3339 | D:4      | 3339 ||| FLEEEEING.
  3340 | D:4      | 3340 ||| FLEEEEING.
  3341 | D:4      | 3341 ||| FLEEEEING.
  3342 | D:4      | 3342 ||| FLEEEEING.
  3343 | D:4      | 3343 ||| FLEEEEING.
  3344 | D:4      | 3344 ||| DROPPING potion of berserk rage.
  3372 | D:5      | Entered Level 5 of the Dungeon
  3375 | D:5      | 3375 ||| STAIRDANCE
  3380 | D:4      | Reached skill level 10 in Ranged Weapons
  3412 | D:5      | Reached skill level 3 in Dodging
  3470 | D:5      | Reached * piety under Okawaru
  3484 | D:5      | Reached XP level 7. HP: 19/40 MP: 9/9
  3527 | D:5      | Reached skill level 1 in Invocations
  3705 | D:5      | HP: 10/40 [poisoned by a scorpion]
  3710 | D:5      | HP: 6/40 [poisoned by a scorpion]
  3992 | D:5      | HP: 6/40 [iguana (12)]
  3993 | D:5      | 3993 ||| READING scroll of teleportation.
  3993 | D:5      | Slain by an iguana

Levels and vault maps discovered:
D:1:      dpeg_arrival_ratfight, layout_basic, basic_ecumenical_altar
D:2:      layout_loops_cross
D:3:      layout_rooms, regret_index_temple_of_mockery,
          nicolae_overflow_guarded_unrand_okawaru_victory
D:4:      layout_loops_corners, nicolae_overflow_crystal_walls,
          old_standard_altar, lemuel_coloured_pillars_altar,
          minmay_temple_entry_glassed_door, serial_shops, shop,
          minmay_hedge_maze
D:5:      layout_cave_pools, hangedman_minor_gate_pass

Skill      XL: |  1  2  3  4  5  6  7 |
---------------+----------------------+-----
Ranged Weapons | 6 7 8 9 10 | 10.9
Fighting       | 2 |  2.1
Dodging        | 3 |  3.0
Invocations    | 2 |  2.3
Stealth        | |  1.2

Action                     |  1- 3 |  4- 6 |  7- 9 || total
---------------------------+-------+-------+-------++-------
  Melee: Shortbow          |       |     3 |       ||     3
   Fire: Shortbow          |    97 |   270 |    43 ||   410
    Use: Scroll            |     3 |    10 |     1 ||    14
         Potion            |     1 |     1 |       ||     2
 Armour: Scale mail        |    17 |    58 |       ||    75
         Ring mail         |       |    24 |    15 ||    39
  Dodge: Dodged            |    12 |    73 |     5 ||    90

Table legend:
 A = Non-vault XP
 B = Vault XP
 C = Vault XP percentage of total XP
 D = Non-vault monster count
 E = Vault monster count
 F = Vault count percentage of total count
                 A         B        C        D         E       F
            +---------+---------+-------+---------+---------+-------
      Total |     972 |       5 |   0.5 |     115 |       5 |   4.2
            +---------+---------+-------+---------+---------+-------
        D:1 |      54 |       5 |   8.5 |      28 |       5 |  15.2
        D:2 |      71 |       0 |   0.0 |      32 |       0 |   0.0
        D:3 |      97 |       0 |   0.0 |      18 |       0 |   0.0
        D:4 |     334 |       0 |   0.0 |      18 |       0 |   0.0
        D:5 |     416 |       0 |   0.0 |      19 |       0 |   0.0
            +---------+---------+-------+---------+---------+-------
